 Dungeon Crawl Stone Soup version 0.29.0-4-gdea44cf6ec (webtiles) character file.

Game seed: 15511077760305109901

3667 ProzacElf the Covert (level 9, -5/67 HPs)
             Began as a Vampire Brigand on Aug 27, 2022.
             Was an Initiate of Kikubaaqudgha.
             Killed from afar by a white imp (14 damage)
             ... with a puff of frost
             ... on level 6 of the Dungeon.
             The game lasted 00:23:47 (6946 turns).

ProzacElf the Covert (Vampire Brigand)              Turns: 6946, Time: 00:23:48

Health: -5/67      AC:  8    Str: 12    XL:     9   Next: 89%
Magic:  9/9        EV: 13    Int: 13    God:    Kikubaaqudgha [......]
Gold:   455        SH:  5    Dex: 18    Spells: 8/8 levels left

rFire   . . .      SeeInvis +   a - +1 rapier (venom)
rCold   . . .      Faith    .   (no shield)
rNeg    + . .      Spirit   .   p - +0 ring mail
rPois   .          Reflect  +   (no helmet)
rElec   .          Harm     .   c - +2 cloak
rCorr   .          Rampage  .   (no gloves)
Will    .....                   (no boots)
Stlth   ++++......              E - amulet of reflection
HPRegen 0.41/turn               r - ring of positive energy
MPRegen 0.11/turn               H - +4 ring of slaying {=R}

@: lethally poisoned (-5 -> -7), healing quickly
A: alive, fangs 3, see invisible, vampiric 2
a: Exsanguinate, Renounce Religion


You were on level 6 of the Dungeon.
You worshipped Kikubaaqudgha.
Kikubaaqudgha was noncommittal.
You visited 2 branches of the dungeon, and saw 8 of its levels.
You also visited: Sewer.

You collected 455 gold pieces.

Inventory:

Hand Weapons
 a - a +1 rapier of venom (weapon)
 b - a +0 scimitar
 f - a +2 dagger
 M - a +2 dagger of freezing
Missiles
 d - 9 poisoned darts
 e - 3 curare-tipped darts (quivered)
 K - 14 boomerangs
 L - a throwing net
Armour
 c - a +2 cloak (worn)
 p - a +0 ring mail (worn)
 t - a +0 robe
Jewellery
 r - a ring of positive energy (left hand)
 v - an amulet of magic regeneration
 E - an amulet of reflection (around neck)
 H - a +4 ring of slaying (right hand) {=R}
Wands
 h - a wand of digging (4)
 D - a wand of flame (10)
Scrolls
 g - 2 scrolls of fear {unknown}
 k - a scroll of brand weapon {unknown}
 l - 5 scrolls of teleportation {unknown}
 m - a scroll of noise {unknown}
 o - a scroll of immolation {unknown}
 s - 3 scrolls of enchant armour {unknown}
 x - 2 scrolls of fog {unknown}
 y - 3 scrolls of enchant weapon {unknown}
 C - 2 scrolls of summoning {unknown}
 I - a scroll of acquirement {unknown}
 J - a scroll of torment {unknown}
Potions
 i - 2 potions of magic
 j - 7 potions of heal wounds
 n - 3 potions of haste
 q - a potion of mutation
 u - 2 potions of berserk rage {unknown}
 w - 2 potions of curing {unknown}
 z - 3 potions of brilliance
 A - a potion of cancellation
 B - 2 potions of degeneration {unknown}
 F - a potion of might
 G - a potion of attraction


   Skills:
 + Level 4.9 Fighting
 - Level 3.7(7.7) Short Blades
 - Level 9.7(10.0) Long Blades
 - Level 1.5 Throwing
 - Level 5.0 Dodging
 - Level 10.0 Stealth
 + Level 4.4 Evocations


You had 8 spell levels left.
You didn't know any spells.
Your spell library contained the following spells:

 Spells                   Type           Power      Damage    Failure   Level
 Apportation              Tloc           0%         N/A       56%         1
 Necrotise                Necr           0%         1d4       56%         1
 Summon Small Mammal      Summ           0%         N/A       56%         1
 Conjure Ball Lightning   Conj/Air       0%         3x3d6     100%        6
 Discord                  Hex            0%         N/A       100%        8
 Disjunction              Tloc           0%         N/A       100%        8


Dungeon Overview and Level Annotations

Branches:
Dungeon (7/15)             Temple (1/1) D:6           Sewer (visited)

Altars:
Ashenzari
Cheibriados
Dithmenos
Fedhas
Gozag
Hepliaklqana
Kikubaaqudgha
Makhleb
Nemelex Xobeh
Okawaru
Qazlal
Ru
Sif Muna
Trog
Uskayaw
Wu Jian
Xom
Yredelemnul

Annotations:
D:5 1 runed translucent door


Innate Abilities, Weirdness & Mutations

Your natural rate of healing is accelerated.
You have razor-sharp teeth.
You have supernaturally acute eyesight. (SInv)
You are afflicted with vampirism and can become a bat while bloodless.


Message History

Tha water moccasin be almost dead.
Tha water moccasin bites ye.
Ye be poison'd.
Tha water moccasin poisons ye!
Ye take 6 damage, an' haf 28/67 hp.
Ye barely miss tha water moccasin.
Tha water moccasin be almost dead.
Ye feel very sick.
Tha water moccasin bites ye but does nay damage.
Ye take 3 damage, an' haf 25/67 hp.
Ye puncture tha water moccasin!
Ye kill tha water moccasin!
Kikubaaqudgha accepts yer kill.
Ye feel sick.
Tha white imp gestures at ye.
Tha puff o' frost hits ye!
* * * LOW HITPOINT WARNIN'
* * * Ye take 10 damage, an' haf 15/67 hp.
Ye feel very sick.
Ye block tha white imp's attack.
Ye take 3 damage, an' haf 12/67 hp.
Ye hit tha white imp but do nay damage.
Ye feel sick.
Ye take 1 damage, an' haf 11/67 hp.
Ye hit tha white imp.
Tha white imp be moderately wounded.
Ye feel sick.
Tha white imp hits ye but does nay damage.
Unknown command.
Ye hit tha white imp but do nay damage.
Tha white imp be lightly wounded.
Ye feel sick.
Tha white imp hits ye but does nay damage.
Ye take 1 damage, an' haf 10/67 hp.
Ye closely miss tha white imp.
Yer bite misses tha white imp.
Tha white imp be lightly wounded.
Ye feel sick.
Tha white imp gestures at ye.
Tha puff o' frost hits ye!
Ye die...
Kikubaaqudgha rasps: "Ye haf failed me!
Welcome... death!"

#..............'..#.#
#..[...........##.#.#
#####..........##.#.#
#..........##.#.#
#..........+..#.#
#..........####.#
#..<.......##.#.#
#########'###'###.#.#
######
............#...@5#.#
#....#
#########..######.#.#
#..###
................>.#.#
#..#
###.#####..#.###..#.#
#..# ###.# #..#.#
#..#.# #..# ..#.#
#..#.# #..#.# #..#
..#'#####..#.# #..#.#
#..# ...........#.#
#..#.# #..#
...........#.# #..#.#
#..#


You could see a white imp.

Vanquished Creatures
  Grinder (D:4)
  The ghost of Buttons840 the Covert, an amateur GnWn (D:5)
  6 yaks (D:5)
  Eustachio (D:5)
  3 water moccasins
  A black bear (D:6)
  Pargi (Sewer)
  An ice beast (D:6)
  2 centaurs (D:7)
  The ghost of zenocrate the Insei, an amateur OpTm of Cheibriados (D:4)
  A phantom (D:5)
  2 necrophages
  A bullfrog (D:6)
  3 scorpions
  5 killer bees (D:5)
  2 howler monkeys
  Crazy Yiuf (D:2)
  2 gnoll boudas (D:5)
  4 hounds
  An orc wizard (D:4)
  Natasha (thrice) (D:2)
  6 iguanas
  9 gnolls (D:5)
  A river rat (D:5)
  6 adders
  A white imp (D:6)
  2 worms
  4 dart slugs
  10 orcs
  6 bats
  2 giant cockroaches
  8 goblins
  4 hobgoblins
  7 jackals
  6 kobolds
  7 quokkas
  12 ball pythons
  9 frilled lizards
  7 rats
150 creatures vanquished.

Vanquished Creatures (others)
  4 toadstools (D:2)
4 creatures vanquished.

Grand Total: 154 creatures vanquished

Notes
Turn   | Place    | Note
-------+----------+-------------------------------------------
     0 | D:1      | ProzacElf the Vampire Brigand began the quest for the Orb.
     0 | D:1      | Reached XP level 1. HP: 16/16 MP: 1/1
    43 | D:1      | Reached skill level 6 in Stealth
   140 | D:1      | Reached XP level 2. HP: 8/22 MP: 2/2
   226 | D:1      | Found a faded altar of an unknown god.
   905 | D:2      | Gained mutation: You are afflicted with vampirism and can
                  | become a bat while bloodless. [Vampire growth]
   905 | D:2      | Reached XP level 3. HP: 23/27 MP: 3/3
   922 | D:2      | Noticed Natasha
   936 | D:2      | Killed Natasha
   948 | D:2      | Noticed Natasha
   958 | D:2      | Killed Natasha
   959 | D:2      | Reached XP level 4. HP: 21/33 MP: 4/4
  1179 | D:2      | Noticed Natasha
  1180 | D:2      | Killed Natasha
  1181 | D:2      | Reached skill level 7 in Stealth
  1199 | D:2      | Found a runed translucent door.
  1200 | D:2      | Noticed Crazy Yiuf
  1224 | D:2      | Killed Crazy Yiuf
  1225 | D:2      | Reached XP level 5. HP: 38/38 MP: 5/5
  2070 | D:3      | Found a glowing drain.
  2077 | Sewer    | Entered a sewer
  2120 | Sewer    | Noticed Pargi
  2130 | Sewer    | Killed Pargi
  2131 | Sewer    | Reached skill level 1 in Long Blades
  2131 | Sewer    | Reached skill level 8 in Stealth
  2131 | Sewer    | Reached XP level 6. HP: 36/44 MP: 6/6
  2591 | D:4      | Noticed Grinder
  2612 | D:4      | Killed Grinder
  2613 | D:4      | Reached XP level 7. HP: 49/49 MP: 7/7
  2626 | D:3      | Reached skill level 9 in Stealth
  2749 | D:4      | Reached skill level 5 in Dodging
  3166 | D:4      | You fall into a shaft and drop 3 floors!
  3271 | D:7      | Reached skill level 10 in Stealth
  3457 | D:6      | Reached skill level 5 in Long Blades
  3483 | D:6      | Reached XP level 8. HP: 55/55 MP: 8/8
  3554 | D:5      | Entered Level 5 of the Dungeon
  3608 | D:4      | Found a runed translucent door.
  3610 | D:4      | Noticed zenocrate's ghost (amateur OpTm)
  3753 | D:4      | Killed zenocrate's ghost
  4828 | D:5      | Reached XP level 9. HP: 36/61 MP: 9/9
  4956 | D:5      | Found a runed translucent door.
  4962 | D:5      | Noticed Buttons840's ghost (amateur GnWn)
  4987 | D:5      | Found a runed translucent door.
  5026 | D:5      | Reached skill level 1 in Evocations
  5170 | D:5      | Noticed Eustachio
  5198 | D:5      | Killed Eustachio
  6087 | D:6      | Found a staircase to the Ecumenical Temple.
  6095 | Temple   | Entered the Ecumenical Temple
  6426 | Temple   | Became a worshipper of Kikubaaqudgha
  6808 | D:5      | Killed Buttons840's ghost
  6946 | D:6      | Killed from afar by a white imp

Illustrated notes

Levels and vault maps discovered:
D:1:      dpeg_arrival_boxorama, layout_basic,
          shapermc_ecumenical_altar_mp_ritualfount,
          chequers_serial_rivers_small_b, minmay_liquid_box,
          chequers_serial_rivers_small_a
D:2:      layout_rooms, minmay_fountain_box, grunt_ministairs_11,
          minmay_gold_behind_fungi, uniq_crazy_yiuf_cottage, uniq_natasha
D:3:      layout_loops_ring, gup_sewer_entry_bubbles
D:4:      layout_rooms, gammafunk_ghost_grave, uniq_grinder
D:5:      layout_basic, ebering_ghost_sewer_f, uniq_eustachio
D:6:      cheibrodos_helix_gallery, layout_basic, minmay_temple_entry_mist
D:7:      layout_rooms, dreamdust_princess_bridge, kennysheep_flooded_box,
          sigmund_army
Temple:   compressed_dpeg_triangle_lava_temple

Skill      XL: |  1  2  3  4  5  6  7  8  9 |
---------------+----------------------------+-----
Stealth        | 6 7 8 10 | 10.0
Dodging        | 2 3 4 5 |  5.0
Short Blades   | 3 |  3.7
Long Blades    | 1 2 5 9 |  9.7
Fighting       | 4 |  4.9
Evocations     | 4 |  4.4
Throwing       | |  1.5

Action                   |  1- 3 |  4- 6 |  7- 9 || total
-------------------------+-------+-------+-------++-------
Melee: Dagger            |    65 |   119 |   321 ||   505
       Bite              |     6 |    12 |    49 ||    67
       Punch             |     2 |     1 |     8 ||    11
       Scimitar          |       |       |    12 ||    12
       Rapier            |       |       |    57 ||    57
Throw: Dart              |       |     6 |    24 ||    30
 Abil: Exsanguinate      |       |       |     1 ||     1
       Revivify          |       |       |     1 ||     1
Evoke: Wand              |       |       |    12 ||    12
  Use: Scroll            |       |       |     7 ||     7
       Potion            |       |       |     1 ||     1
 Stab: Sleeping          |     7 |     8 |    10 ||    25
       Distracted        |       |     1 |     1 ||     2
Armor: Robe              |     8 |     1 |       ||     9
       Ring mail         |       |    36 |    76 ||   112
Dodge: Dodged            |    22 |    77 |   158 ||   257
Block: Other             |       |       |    46 ||    46
       Reflection        |       |       |     5 ||     5
